 Dungeon Crawl Stone Soup version 0.21-a0-29-g43b3074 (webtiles) character file.

5674 Kidiri the Thaumaturge (level 10, -20/54 HPs)
             Began as a Deep Elf Fire Elementalist on May 26, 2017.
             Was a Follower of Vehumet.
             Killed by the air
             ... invoked by Gastronok
              (28 damage)
             ... on level 1 of the Lair of Beasts.
             The game lasted 00:43:22 (11329 turns).

Kidiri the Thaumaturge (DEFE)                      Turns: 11329, Time: 00:43:24

Health: -20/54     AC:  9    Str:  5    XL:     10   Next: 47%
Magic:  5/27       EV: 15    Int: 24    God:    Vehumet [*.....]
Gold:   545        SH:  5    Dex: 15    Spells: 13/32 levels left

rFire    + . .     SeeInvis +   A - +2 dagger (protect)
rCold    + . .     Gourm    .   (no shield)
rNeg     . . .     Faith    .   n - +2 robe {rF+}
rPois    .         Spirit   .   M - +2 helmet {SInv}
rElec    .         Reflect  +   B - +1 cloak
rCorr    .         Harm     .   C - +0 pair of gloves
MR       +....     Clarity  +   (no boots)
Stlth    ++........             z - +5 amulet of reflection
Regen    0.2/turn               d - ring of flight
MPRegen  0.2/turn               (no ring)

@: slowed, very slow
A: blurry vision 2, clarity, cold resistance 1, deformed body
a: Renounce Religion, Evoke Flight


You were on level 1 of the Lair of Beasts.
You worshipped Vehumet.
Vehumet was aware of your devotion.
You were not hungry.

You visited 3 branches of the dungeon, and saw 10 of its levels.
You also visited: Ossuary.

You collected 545 gold pieces.

Inventory:

Hand Weapons
 A - a +2 dagger of protection (weapon)
Armour
 n - a +2 robe of fire resistance (worn)
 p - a +0 shield
 B - a +1 cloak (worn)
 C - a +0 pair of gloves (worn)
 M - a +2 helmet of see invisible (worn)
Jewellery
 d - a ring of flight (left hand)
 z - a +5 amulet of reflection (around neck)
Wands
 b - a wand of polymorph (14/24)
 e - a wand of digging (4/24)
 i - a wand of polymorph (1/24)
 q - a wand of confusion (23/48)
 J - a wand of disintegration (0/24)
 L - a wand of confusion (12/48)
Scrolls
 g - 6 scrolls of remove curse
 u - 2 scrolls of magic mapping
 x - 3 scrolls of teleportation
 y - a scroll of silence
 D - 3 scrolls of blinking
 F - 2 scrolls of amnesia
 I - a scroll of immolation
Potions
 a - 3 potions of cancellation
 f - 3 potions of flight {unknown}
 h - a potion of agility
 k - 3 potions of brilliance {unknown}
 l - a potion of curing
 m - a potion of ambrosia
 o - 2 potions of berserk rage
 r - 2 potions of degeneration {unknown}
 t - a potion of haste
 v - 2 potions of invisibility
 w - 2 potions of experience {unknown}
 H - a potion of might
 K - a potion of resistance {unknown}
 N - a potion of lignification {unknown}
Books
 E - a book of Conjurations

   Spells                             Type                      Level
   a - Magic Dart                     Conjuration                  1
   b - Searing Ray                    Conjuration                  2
   c - Dazzling Spray                 Conjuration/Hexes            3
   d - Fulminant Prism                Conjuration/Hexes            4
   e - Force Lance                    Conjuration/Translocation    4
   f - Iskenderun's Mystic Blast      Conjuration                  4
Comestibles
 c - 7 bread rations
 j - 9 meat rations
 P - 8 royal jellies


   Skills:
 + Level 2.6 Fighting
 + Level 3.3 Short Blades
 + Level 2.9 Armour
 + Level 4.8 Dodging
 - Level 2.4 Stealth
 + Level 2.6 Shields
 * Level 11.7 Spellcasting
 + Level 7.2 Conjurations
 + Level 7.9 Fire Magic
 + Level 1.9 Air Magic
 + Level 3.8 Evocations


You had 13 spell levels left.
You knew the following spells:

 Your Spells              Type           Power        Failure   Level  Hunger
a - Flame Tongue          Conj/Fire      #####        1%          1    None
b - Throw Flame           Conj/Fire      ######       1%          2    None
c - Conjure Flame         Conj/Fire      ######..     1%          3    None
d - Inner Flame           Hex/Fire       ####....     2%          3    None
e - Sticky Flame          Conj/Fire      ######..     1%          4    None
f - Fireball              Conj/Fire      ######....   5%          5    ###....
g - Shock                 Conj/Air       ####         1%          1    None


Dungeon Overview and Level Annotations

Branches:
Dungeon (8/15)             Temple (1/1) D:6            Lair (1/6) D:8

Altars:
Ashenzari
Elyvilon
Fedhas
Gozag
Hepliaklqana
Makhleb
Nemelex Xobeh
Okawaru
Qazlal
Ru
Sif Muna
Trog
Uskayaw
Vehumet
Wu Jian
Xom
Yredelemnul
Zin
The Shining One

Annotations:
Lair:1 Gastronok


Innate Abilities, Weirdness & Mutations

Scrolls take you longer to read.
You possess an exceptional clarity of mind.
Your flesh is cold resistant. (rC+)
Armour fits poorly on your strangely shaped body.


Message History

The fireball explodes!
The fireball engulfs Gastronok.
Gastronok is severely wounded.
The fireball engulfs the quokka.
You kill the quokka!
The quokka's corpse disappears in a puff of smoke!
The bat hits you but does no damage.
Unknown command.
Casting: Fireball
Confirm with . or Enter, or press ? or * to list all spells.
Aiming: Sticky Flame
Press: ? - help, Shift-Dir - straight line, f - Gastronok
Aim: Gastronok, wearing an embroidered hat (purple smoke, severely wounded, covering ground quickly)
The sticky flame hits Gastronok.
Gastronok is almost dead.
Gastronok is covered in liquid flames!
Gastronok burns!
You block the bat's attack.
Gastronok waves his eye-stalks in wide circles.
The air twists around and strikes you!
Ouch! That really hurt!
You die...

...####.......## #.....##
..####.........## #..P...#
..###P..........# ##.>...##
.#.##...........# ###........
#####...........## #..........
.####...........^## ##..........
...#P.............# #...........
..................# ##>..........
##..............@.# #............
###..........b.w.###............
## #.............###$............
.#####...........#..rP#..........
..####.###..#####..#####.........
#...#### ##..###..## #.........
##...### #......## ##........
###...## ##..!.## ##.......
##...####..### ##......


You could see Gastronok (burning) and a bat.

Vanquished Creatures
  The ghost of grindst0ne the Blocker, a novice FoFi of Makhleb (D:6)
  Pikel (D:4)
  A spiny frog (Lair:1)
  A komodo dragon (Lair:1)
  A hornet (D:8)
  2 hippogriffs (Lair:1)
  2 wraiths (Ossuary)
  A yak (D:8)
  A hungry ghost (D:3)
  2 basilisks (Lair:1)
  Menkaure (D:4)
  2 soldier ants (D:8)
  2 water moccasins (Lair:1)
  2 porcupines (D:8)
  A sky beast (D:8)
  A slave (D:4)
  An orc warrior (D:8)
  A black bear (Lair:1)
  An ice beast (D:7)
  A phantom (D:5)
  2 ogres
  A crocodile (Lair:1)
  2 bullfrogs
  2 wights (Ossuary)
  A bullfrog skeleton (D:4)
  5 orc priests
  A centaur skeleton (D:6)
  2 hounds
  A gnoll shaman (D:4)
  A jelly (D:8)
  An iguana (D:7)
  12 orc wizards
  3 worker ants
  3 hound skeletons
  Robin (D:3)
  5 gnolls (D:4)
  4 adders
  A howler monkey skeleton (D:5)
  2 shadow imps
  2 white imps (D:5)
  An ufetubus (D:5)
  An ooze (D:5)
  2 adder zombies (Ossuary)
  2 adder skeletons (D:5)
  3 worms
  7 leopard geckos
  27 orcs
  10 bats
  6 giant cockroaches
  8 goblins
  12 hobgoblins
  3 jackals (D:8)
  2 quokkas
  A ball python skeleton (Ossuary)
  5 frilled lizards
  A hobgoblin skeleton (Ossuary)
  2 hobgoblin zombies (Ossuary)
  14 kobolds
  2 kobold zombies (Ossuary)
  An orc skeleton (Ossuary)
  An orc zombie (Ossuary)
  A quokka skeleton (D:8)
  A quokka zombie (D:5)
  7 rats
198 creatures vanquished.

Vanquished Creatures (others)
  A slave (D:4)
  An adder (D:4)
  An adder skeleton (D:4)
  A ball python (D:4)
4 creatures vanquished.

Grand Total: 202 creatures vanquished

Notes
Turn   | Place    | Note
-------+----------+-------------------------------------------
     0 | D:1      | Kidiri the Deep Elf Fire Elementalist began the quest for the Orb.
     0 | D:1      | Reached XP level 1. HP: 10/10 MP: 6/6
   147 | D:1      | Reached XP level 2. HP: 14/15 MP: 0/8
   255 | D:1      | Learned a level 2 spell: Throw Flame
   757 | D:1      | Reached skill level 4 in Spellcasting
  1029 | D:2      | Reached XP level 3. HP: 19/19 MP: 7/10
  1037 | D:2      | Learned a level 3 spell: Conjure Flame
  1041 | D:2      | Learned a level 3 spell: Inner Flame
  2128 | D:3      | Noticed Robin
  2129 | D:3      | Noticed a hungry ghost
  2129 | D:3      | Noticed an ogre
  2134 | D:3      | Found an ornate altar of the Wu Jian Council.
  2190 | D:3      | Reached XP level 4. HP: 24/24 MP: 5/12
  2244 | D:3      | Found a faded altar of an unknown god.
  2301 | D:3      | Found an iron altar of Okawaru.
  2534 | D:4      | Noticed Menkaure
  2538 | D:4      | Killed Menkaure
  2538 | D:4      | Reached skill level 5 in Spellcasting
  2538 | D:4      | Reached XP level 5. HP: 16/28 MP: 9/15
  2544 | D:4      | Learned a level 4 spell: Sticky Flame
  2569 | D:4      | Found a shattered altar of Ashenzari.
  2596 | D:4      | Found a sand-covered staircase.
  2605 | Ossuary  | Entered an ossuary
  2920 | Ossuary  | Noticed a wraith
  2920 | Ossuary  | Noticed a flying skull
  2927 | Ossuary  | Noticed a flying skull
  2931 | Ossuary  | Noticed a flying skull
  2952 | Ossuary  | Noticed a flying skull
  2965 | Ossuary  | Reached skill level 6 in Spellcasting
  3028 | Ossuary  | Noticed a flying skull
  3034 | Ossuary  | Noticed a wraith
  3046 | Ossuary  | Killed a wraith
  3046 | Ossuary  | Reached skill level 5 in Fire Magic
  3046 | Ossuary  | Reached XP level 6. HP: 32/32 MP: 1/17
  3053 | Ossuary  | Learned a level 5 spell: Fireball
  3166 | Ossuary  | Reached skill level 7 in Spellcasting
  3183 | Ossuary  | Noticed a wraith
  3191 | Ossuary  | Killed a wraith
  3191 | Ossuary  | Reached XP level 7. HP: 36/36 MP: 5/20
  3554 | D:4      | Reached skill level 8 in Spellcasting
  3685 | D:4      | Noticed Pikel
  3691 | D:4      | Killed Pikel
  3691 | D:4      | Reached skill level 9 in Spellcasting
  3691 | D:4      | Reached skill level 5 in Conjurations
  3691 | D:4      | Reached XP level 8. HP: 41/41 MP: 7/23
  4285 | D:3      | Killed Robin
  4512 | D:5      | Entered Level 5 of the Dungeon
  4978 | D:5      | Found a deep blue altar of Sif Muna.
  5171 | D:5      | Reached skill level 10 in Spellcasting
  5629 | D:5      | Found a glowing golden altar of the Shining One.
  5764 | D:6      | Reached skill level 1 in Short Blades
  5854 | D:6      | Reached skill level 1 in Evocations
  5913 | D:6      | Found a staircase to the Ecumenical Temple.
  5920 | Temple   | Entered the Ecumenical Temple
  6488 | D:6      | Reached skill level 1 in Armour
  6951 | D:6      | Reached skill level 1 in Fighting
  6953 | D:6      | Found a blossoming altar of Fedhas.
  7574 | D:7      | Found a radiant altar of Vehumet.
  7584 | D:7      | Found an opulent altar of Gozag.
  7589 | D:7      | Became a worshipper of Vehumet
  7816 | D:7      | Reached XP level 9. HP: 47/47 MP: 22/25
  7830 | D:7      | Found a white marble altar of Elyvilon.
  7911 | D:7      | Reached skill level 1 in Shields
  8121 | D:7      | Found an opulent altar of Gozag.
  8124 | D:7      | Found a radiant altar of Vehumet.
  8124 | D:7      | Found a bloodstained altar of Trog.
  8126 | D:7      | Found a shimmering altar of Xom.
  8126 | D:7      | Found an opulent altar of Gozag.
  8126 | D:7      | Found a radiant altar of Vehumet.
  8200 | D:6      | Noticed grindst0ne's ghost (novice FoFi)
  8215 | D:6      | Killed grindst0ne's ghost
  8535 | D:8      | Gained mutation: Armour fits poorly on your strangely shaped body. [mutagenic meat]
  8536 | D:8      | Gained mutation: Your flesh is cold resistant. (rC+) [mutagenic meat]
  8537 | D:8      | Gained mutation: Scrolls take you a little longer to read. [mutagenic meat]
  8538 | D:8      | Gained mutation: You possess an exceptional clarity of mind. [mutagenic meat]
  8539 | D:8      | Gained mutation: Scrolls take you longer to read. [mutagenic meat]
  8676 | D:8      | Reached skill level 11 in Spellcasting
  8813 | D:8      | Found a staircase to the Lair.
  8872 | D:8      | Found a stormy altar of Qazlal.
  8938 | D:8      | Reached * piety under Vehumet
  8938 | D:8      | Offered knowledge of Shock by Vehumet.
  9029 | D:8      | Learned a level 1 spell: Shock
  9154 | D:8      | Reached XP level 10. HP: 53/53 MP: 19/27
  9787 | Lair:1   | Entered Level 1 of the Lair of Beasts
  9794 | Lair:1   | Reached skill level 1 in Air Magic
 10664 | Lair:1   | Noticed Gastronok
 10676 | Lair:1   | Noticed a spiny frog
 10687 | Lair:1   | Killed a spiny frog
 11329 | Lair:1   | Killed from afar by Gastronok

Vault maps used:
D:1:      nicolae_arrival_washed_ashore, minmay_pentomino_s2
D:3:      gammafunk_temple_overflow_arena, chequers_ecumenical_altar_simple,
          okawaru_metal_pillars_1_2, uniq_robin
D:4:      kennysheep_mini, nicolae_ossuary_entry_ruins, uniq_pikel,
          uniq_menkaure
D:5:      tso_oasis_becter, lemuel_crystal_altar, first_bread
D:6:      lemuel_doored_altar, temple_green
D:7:      doesnt_xom_only_xom, minitemple, marbit_many_paths
D:8:      grunt_qazlal_sundering, grunt_lair_entry_orc_guard_hut,
          hangedman_pestilent_swarm
Temple:   jpeg_temple_island
Lair:1:   uniq_gastronok
Ossuary:  ossuary_due_cavern

Skill      XL: |  1  2  3  4  5  6  7  8  9 10 |
---------------+-------------------------------+-----
Spellcasting   | 4 5 6 7 9 10 11 | 11.7
Conjurations   | 2 3 4 5 6 7 |  7.2
Fire Magic     | 4 5 6 7 |  7.9
Short Blades   | 1 2 3 |  3.3
Evocations     | 1 3 |  3.8
Armour         | 1 2 |  2.9
Fighting       | 1 2 |  2.6
Dodging        | 3 4 |  4.8
Shields        | 2 |  2.6
Air Magic      | 1 |  1.9
Stealth        | |  2.4

Action                   |  1- 3 |  4- 6 |  7- 9 | 10-12 || total
-------------------------+-------+-------+-------+-------++-------
Melee: Unarmed           |     2 |       |       |       ||     2
       Club              |     9 |       |       |       ||     9
       Dagger            |    17 |     7 |    49 |    24 ||    97
 Cast: Flame Tongue      |    67 |    43 |   146 |    37 ||   293
       Throw Flame       |     6 |     1 |    43 |     8 ||    58
       Conjure Flame     |     1 |    11 |    11 |       ||    23
       Inner Flame       |     1 |       |    11 |       ||    12
       Sticky Flame      |       |     1 |    10 |    14 ||    25
       Fireball          |       |       |     5 |     4 ||     9
Evoke: Wand              |       |       |     6 |     1 ||     7
  Use: Scroll            |     5 |     3 |    12 |     3 ||    23
       Potion            |       |       |       |     3 ||     3
 Stab: Sleeping          |     3 |       |     4 |     1 ||     8
  Eat: Chunk             |     4 |     1 |    14 |     5 ||    24
       Royal jelly       |       |     1 |     2 |     2 ||     5
       Fruit             |       |       |     2 |     1 ||     3
       Bread ration      |       |       |     1 |       ||     1
Armor: Robe              |    14 |     7 |    28 |    17 ||    66
Dodge: Dodged            |    34 |    11 |    71 |    54 ||   170
Block: Other             |       |       |    12 |    23 ||    35
       Reflection        |       |       |     1 |       ||     1
